 Dungeon Crawl Stone Soup version 0.30-a0-748-ge6a52f7cba (console) character file.

Game seed: 8702596828097220391

121100 rlgrobin the Martial Artist (level 16, -11/114 (120) HPs)
             Began as a Demonspawn Wanderer on Feb 9, 2023.
             Was the Champion of Cheibriados.
             Mangled by a hell knight
             ... wielding a +4 demon trident of draining
              (24 damage)
             ... on level 15 of the Dungeon.
             The game lasted 01:16:23 (27591 turns).

rlgrobin the Martial Artist (Demonspawn Wanderer)  Turns: 27591, Time: 01:16:23

HP:   -11/114 (120) AC: 20    Str: 34    XL:     16   Next: 31%
MP:   28/28         EV: 22    Int: 36    God:    Cheibriados [******]
Gold: 1047          SH:  5    Dex: 31    Spells: 22/31 levels left

rFire   + + .      SeeInvis .      - Unarmed
rCold   + . .      Faith    .    (no shield)
rNeg    . . .      Spirit   .    u - +3 chain mail of the Imp {Will+ Regen+}
rPois   +          Reflect  +    O - +2 hat {Stlth+}
rElec   .          Harm     .    I - scarf {repulsion}
rCorr   .          Rampage  .    (no gloves)
Will    +++..                    F - +0 pair of boots of Death's Door {Dex+2}
Stlth   ++                       M - amulet of reflection
HPRegen 1.19/turn                G - ring "Suomat" {rF+ rC+ Will+ Str+3}
MPRegen 0.21/turn                o - ring "Ciacecin" {Wiz rPois rF+ Str+2}

@: flying, drained, repel missiles, very slow
A: claws 2, icemail 1, sharp scales 2, condensation shield, antennae 1, clever 1
a: Renounce Religion, Bend Time, Temporal Distortion, Slouch, Step From Time


You were on level 15 of the Dungeon.
You worshipped Cheibriados.
Cheibriados was exalted by your worship.
You visited 4 branches of the dungeon, and saw 23 of its levels.
You visited the Abyss 1 time.
You visited 1 bazaar.
You also visited: Gauntlet, Ice Cave and Volcano.

You collected 2369 gold pieces.
You spent 1322 gold pieces at shops.

Inventory:

Hand Weapons
 P - a +7 sling of flaming
Missiles
 f - a throwing net
 D - 4 curare-tipped darts (quivered)
Armour
 u - the +3 chain mail of the Imp (worn) {Will+ Regen+}
   (You bought it in a shop in a bazaar)

   Regen:     It increases your rate of health regeneration.
   Will:      It increases your willpower.
 v - the +0 cloak "Impi" {Slay+5}
   (You bought it in a shop in a bazaar)

   Slay:      It affects your accuracy & damage with ranged weapons and melee
   (+5).
 F - the +0 pair of boots of Death's Door (worn) {Dex+2}
   (You found it in a Gauntlet)

   Dex:       It affects your dexterity (+2).
 I - a scarf of repulsion (worn)
 O - a +2 hat of stealth (worn)
 R - a +0 cloak of cold resistance
Jewellery
 c - an amulet of guardian spirit
 k - a +5 ring of evasion
 o - the ring "Ciacecin" (right claw) {Wiz rPois rF+ Str+2}
   (You bought it in a shop on level 2 of the Orcish Mines)

   [ring of wizardry]

   It improves your spell success rate.
   Str:       It affects your strength (+2).
   rF:        It protects you from fire.
   rPois:     It protects you from poison.
 p - a ring of see invisible
 B - a ring of flight
 E - a +4 ring of protection
 G - the ring "Suomat" (left claw) {rF+ rC+ Will+ Str+3}
   (You found it in a Gauntlet)

   [ring of protection from fire]

   Str:       It affects your strength (+3).
   rF:        It protects you from fire.
   rC:        It protects you from cold.
   Will:      It increases your willpower.
 M - an amulet of reflection (around neck)
 S - the ring "Anteshrol" {rN+ Str+4 Dex+4}
   (You found it in an ice cave)

   [ring of positive energy]

   Str:       It affects your strength (+4).
   Dex:       It affects your dexterity (+4).
   rN:        It protects you from negative energy.
Wands
 b - a wand of flame (9)
 j - a wand of paralysis (2)
 t - a wand of mindburst (10)
 y - a wand of digging (3)
 H - a wand of quicksilver (4)
 L - a wand of iceblast (8)
Scrolls
 e - 8 scrolls of vulnerability
 g - 2 scrolls of teleportation
 h - 5 scrolls of identify
 n - 2 scrolls of blinking
 r - 6 scrolls of fog
 x - a scroll of butterflies
 A - 3 scrolls of magic mapping
Potions
 d - 8 potions of might
 i - 2 potions of berserk rage
 m - 3 potions of heal wounds
 w - 10 potions of flight
 z - 4 potions of curing
 C - 4 potions of invisibility
 J - 3 potions of brilliance
 K - 5 potions of magic
 N - a potion of resistance
Miscellaneous
 a - a phial of floods


   Skills:
 - Level 9.5 Fighting
 - Level 2.0 Axes
 - Level 10.7 Armour
 + Level 12.5 Dodging
 - Level 5.2 Stealth
 - Level 13.4 Unarmed Combat
 - Level 8.3 Spellcasting
 - Level 3.0 Hexes
 - Level 10.6 Summonings
 - Level 2.6 Ice Magic
 + Level 10.7 Invocations
 - Level 4.0 Evocations


You had 22 spell levels left.
You knew the following spells:

 Your Spells              Type           Power      Damage    Failure   Level
a - Summon Ice Beast      Ice/Summ       58%        N/A       2%          4
b - Summon Mana Viper     Hex/Summ       59%        N/A       6%          5

Your spell library contained the following spells:

 Spells                   Type           Power      Damage    Failure   Level
 Ozocubu's Armour         Ice            34%        N/A       4%          3
 Animate Armour           Summ/Erth      100%       N/A       4%          4
 Lesser Beckoning         Tloc           30%        N/A       6%          2
 Sublimation of Blood     Necr           15%        N/A       6%          2
 Wereblood                Tmut           15%        N/A       6%          2
 Dazzling Flash           Conj/Hex       50%        N/A       6%          3
 Gell's Gravitas          Tloc           15%        N/A       11%         3
 Ignite Poison            Fire/Tmut/Pois 15%        N/A       11%         3
 Stone Arrow              Conj/Erth      30%        3d8       11%         3
 Teleport Other           Tloc           15%        N/A       11%         3
 Petrify                  Tmut/Erth      15%        N/A       32%         4
 Sticky Flame             Conj/Fire      15%        2d4       32%         4
 Monstrous Menagerie      Summ           37%        N/A       34%         7
 Summon Hydra             Summ           37%        N/A       34%         7
 Silence                  Hex/Air        12%        N/A       45%         5
 Freezing Cloud           Conj/Ice/Air   10%        6-21      54%         5
 Agony                    Necr           15%        N/A       65%         5
 Irradiate                Conj/Tmut      7%         3d14      65%         5
 Simulacrum               Ice/Necr       12%        N/A       96%         6
 Ozocubu's Refrigeration  Ice            17%        4d11      100%        7
 Ignition                 Fire           7%         3d5       100%        8
 Lehudib's Crystal Spear  Conj/Erth      7%         10d3      100%        8
 Polar Vortex             Ice            17%        N/A       100%        9


Dungeon Overview and Level Annotations

Branches:
Dungeon (15/15)            Temple (1/1) D:7            Lair (5/5) D:11
 Shoals (0/4) Lair:3        Snake (0/4) Lair:3        Slime (0/5) Lair:5
    Orc (2/2) D:9             Elf (0/3) Orc:2        Vaults (0/5) D:13
 Depths (0/4) D:15          IceCv (visited)         Volcano (visited)
Gauntlet (visited)

Altars:
Ashenzari
Cheibriados
Dithmenos
Fedhas
Gozag
Hepliaklqana
Kikubaaqudgha
Makhleb
Nemelex Xobeh
Okawaru
Qazlal
Ru
Sif Muna
Trog
Uskayaw
Vehumet
Wu Jian
Xom
Yredelemnul

Shops:
D:13 [   Orc:2 [[=([

Annotations:
Lair:1 Erica
Lair:5 1 runed translucent door


Innate Abilities, Weirdness & Mutations

You have very sharp fingernails.
A meltable icy envelope protects you from harm. (AC +0)
You are mostly covered in razor-sharp scales. (AC +2, Slay +2)
A meltable shield of frost defends you. (SH +0)
You have a pair of small antennae on your head.
Your mind is acute. (Int +4, Str/Dex -1)


Message History

The hell knight hits you with a +4 glaive of flaming!
The hell knight burns you.
The hell knight invokes the aid of its god against you.
The bolt of fire hits the hell hound.
The hell hound completely resists.
The bolt of fire hits the hell hound.
The hell hound completely resists.
The bolt of fire hits you! You resist. The hell knight completely misses you.
You block the hell hound's attack.
The hell knight hits you with a +4 glaive of flaming!
The hell knight burns you.
The hell knight hits you with a +4 demon trident of draining!
* * * LOW HITPOINT WARNING * * *
You feel drained.
* * * LOW HITPOINT WARNING * * *
The hell hound breathes flames at you. The blast of flame misses you.
You hear a bark!
You mangle the hell hound!!
You kill the hell hound!
Cheibriados thoroughly appreciates the change of pace.
You hear a shout!
The hell knight closely misses you.
The hell knight mumbles some strange prayers to its god.
The hell knight seems to speed up.
The hell knight attacks as you move away!
The hell knight hits you but does no damage.
You feel drained.
The hell knight invokes the aid of its god against you.
The bolt of fire misses you.
The hell knight hits you from afar with a +4 glaive of flaming.
* * * LOW HITPOINT WARNING * * *
The hell knight hits you from afar with a +4 demon trident of draining!
* * * LOW HITPOINT WARNING * * *
You feel drained.
* * * LOW HITPOINT WARNING * * *
The hell knight completely misses you. The hell hound breathes flames at you.
The blast of flame hits you. You resist.
* * * LOW HITPOINT WARNING * * *
The hell knight hits you from afar with a +4 demon trident of draining!!
You die...

#.####≈≈≈§§####.....
#.#..†.†...§..#.....
#.#.#########.#.....
#.#.#pp {#.#.####
#.#.#h# {#.#.....
#.#.≈h# #.#.....
#.#.≈p# #<#..##.
#.#.≈p# {#.#..###
#.#@#.# #.#.##
#.#.#p.. #.#.#
##.#.#########.#.#
#..#.......)...#.#
#..#############.#
#................#
#.##...#......#######
#......#...#.[.......
####...#####.........


You could see 4 hell knights and 2 hell hounds.

Vanquished Creatures
  Jorgrun (D:15)
  A tentacled monstrosity (Abyss:3)
  2 tentacled starspawn (Abyss:2)
  Gastronok (D:8)
  An emperor scorpion (D:15)
  A frost giant (D:12)
  A dire elephant (D:15)
  A minotaur (Gauntlet)
  A fire dragon (D:12)
  Josephine (D:12)
  2 vault guards (D:13)
  An ice dragon (D:13)
  Erolcha (D:12)
  3 hydras
  An ogre mage (Volcano)
  7 centaur warriors
  5 boulder beetles
  7 two-headed ogres
  5 orc high priests (Orc:2)
  5 death yaks (Lair:4)
  Urug (Lair:1)
  A thrashing horror (Abyss:2)
  A soul eater (Gauntlet)
  2 hell knights
  A wretched star (Abyss:2)
  7 large abominations
  A flayed ghost (D:12)
  A necromancer (IceCv)
  9 orc knights (Orc:2)
  A harpy (shapeshifter) (D:12)
  A wizard (D:14)
  5 harpies
  3 deep elf pyromancers
  An orc sorcerer (Orc:2)
  A wolf spider (D:12)
  2 manticores
  2 ugly things
  A salamander (D:15)
  5 cyclopes
  4 black mambas
  3 worldbinders (Abyss:2)
  An ice statue (IceCv)
  18 elephants
  A moth of wrath (Gauntlet)
  A gargoyle (D:11)
  3 torpor snails
  10 cane toads
  Joseph (D:7)
  An unseen horror (Abyss:3)
  Psyche (D:11)
  2 rime drakes
  An efreet (D:12)
  A kobold demonologist (D:9)
  3 tengu conjurers
  11 ice devils (IceCv)
  7 komodo dragons
  4 freezing wraiths
  4 ancient zymes
  6 polar bears
  3 meliai (D:14)
  A meliai (shapeshifter) (D:15)
  5 trolls
  13 blink frogs
  11 hornets
  Prince Ribbit (D:8)
  4 raiju (Abyss:2)
  A small abomination (Abyss:2)
  4 dream sheep (Lair:5)
  11 slime creatures
  A centaur simulacrum (D:15)
  3 vampires
  2 shadows
  23 spriggans
  7 wraiths
  36 yaks
  2 ynoxinuls (Abyss:2)
  4 wyverns
  6 dire elephant simulacra (IceCv)
  5 basilisks
  8 starcursed masses (Abyss:2)
  A chaos spawn (Abyss:3)
  A fire bat (Abyss:3)
  A steam dragon (Lair:3)
  9 humans (D:13)
  A neqoxec (Abyss:2)
  2 redbacks (Gauntlet)
  11 vampire mosquitoes
  2 wargs
  7 death yak simulacra (IceCv)
  A swamp worm (shapeshifter) (D:12)
  2 nagas (Lair:3)
  2 two-headed ogre zombies (D:9)
  2 harpy simulacra (IceCv)
  The ghost of derval the Caller, an amateur OpSu (D:6)
  14 water moccasins
  4 hell hounds (D:15)
  2 acid dragons
  28 orc warriors
  9 black bears
  6 ogres
  6 boggarts
  A sky beast (D:7)
  9 centaurs
  28 wolves
  4 phantoms
  3 kobold brigands
  3 cane toad simulacra (IceCv)
  3 necrophages (D:6)
  13 bullfrogs
  2 scorpions
  3 troll zombies (D:9)
  6 elephant simulacra (IceCv)
  10 killer bees
  2 electric eels (D:10)
  3 howler monkeys
  4 crimson imps (D:4)
  A lava snake (D:10)
  2 hounds (D:5)
  A gnoll bouda (D:4)
  33 orc priests
  A jelly (D:5)
  2 iguanas (D:5)
  12 orc wizards
  6 hell rats (Lair:5)
  A spriggan simulacrum (IceCv)
  A troll simulacrum (IceCv)
  4 polar bear simulacra (IceCv)
  3 ogre zombies (D:9)
  4 gnolls (D:4)
  4 adders
  2 naga simulacra (IceCv)
  5 shadow imps
  3 white imps
  3 ufetubi
  2 worms
  2 dart slugs
  73 orcs
  2 spectral bats (Abyss:3)
  5 endoplasms
  3 giant cockroaches
  7 goblins
  11 hobgoblins
  26 kobolds
  2 quokkas
  3 ball pythons
  7 bats
  10 frilled lizards
  4 goblin skeletons (D:9)
  2 goblin zombies (D:9)
  A hobgoblin skeleton (D:9)
  A hobgoblin zombie (D:9)
  3 orc skeletons (D:9)
  14 orc zombies (D:9)
  9 rats
809 creatures vanquished.

Vanquished Creatures (collateral kills)
  An orc knight (Orc:2)
  A black mamba (Lair:3)
  3 blink frogs (Lair:2)
  A naga (Lair:3)
  A black bear (Lair:1)
7 creatures vanquished.

Vanquished Creatures (others)
  Maurice (D:8)
  A human (D:13)
  45 fungi
  60 plants
  4 starspawn tentacles (Abyss:2)
111 creatures vanquished.

Grand Total: 927 creatures vanquished

Notes
Turn   | Place    | Note
-------+----------+-------------------------------------------
     0 | D:1      | rlgrobin the Demonspawn Wanderer began the quest for the
                  | Orb.
     0 | D:1      | rlgrobin set off with the following items: a +0 hand axe, a
                  | wand of flame (13), a +0 scale mail, a potion of might.
     0 | D:1      | Reached XP level 1. HP: 15/15 MP: 1/1
   266 | D:1      | Gained mutation: You have sharp fingernails. [demonic
                  | ancestry]
   266 | D:1      | Reached XP level 2. HP: 18/21 MP: 2/2
   495 | D:1      | Reached skill level 1 in Unarmed Combat
   886 | D:1      | Reached XP level 3. HP: 25/26 MP: 3/3
  1214 | D:2      | Reached skill level 2 in Unarmed Combat
  2141 | D:3      | Found a sparkling altar of Nemelex Xobeh.
  2306 | D:3      | Gained mutation: You are partially covered in razor-sharp
                  | scales. (AC +1, Slay +1) [demonic ancestry]
  2306 | D:3      | Reached XP level 4. HP: 32/32 MP: 4/4
  2380 | D:3      | Reached skill level 3 in Unarmed Combat
  2684 | D:4      | Found a shimmering altar of Xom.
  2800 | D:4      | Noticed a phantom
  2829 | D:4      | Killed a phantom
  2830 | D:4      | Reached skill level 4 in Unarmed Combat
  2830 | D:4      | Reached XP level 5. HP: 29/37 MP: 5/5
  3049 | D:4      | Reached skill level 5 in Unarmed Combat
  3049 | D:4      | Gained mutation: You have very sharp fingernails. [demonic
                  | ancestry]
  3049 | D:4      | Reached XP level 6. HP: 37/43 MP: 6/6
  3375 | D:4      | Reached skill level 6 in Unarmed Combat
  3470 | D:4      | Reached XP level 7. HP: 48/48 MP: 7/7
  3695 | D:5      | Entered Level 5 of the Dungeon
  3696 | D:5      | Found an ancient bone altar of Kikubaaqudgha.
  4221 | D:5      | Reached skill level 7 in Unarmed Combat
  4490 | D:6      | Reached XP level 8. HP: 58/58 MP: 8/8
  4863 | D:6      | Reached skill level 8 in Unarmed Combat
  5185 | D:6      | Found a runed translucent gate.
  5185 | D:6      | Found a runed translucent gate.
  5187 | D:6      | Found a runed translucent gate.
  5189 | D:6      | Noticed derval's ghost (amateur OpSu)
  5544 | D:7      | Found a staircase to the Ecumenical Temple.
  5615 | D:7      | Noticed Joseph
  5803 | D:8      | Noticed Gastronok
  5823 | D:7      | Gained mutation: A meltable shield of frost defends you.
                  | (SH +0) [demonic ancestry]
  5823 | D:7      | Reached XP level 9. HP: 49/63 MP: 7/9
  5963 | D:8      | Killed Gastronok
  5964 | D:8      | Reached skill level 5 in Armour
  5964 | D:8      | Reached skill level 9 in Unarmed Combat
  6044 | D:8      | Paralysed by a hornet for 2 turns
  6074 | Temple   | Entered the Ecumenical Temple
  6375 | Temple   | Became a worshipper of Cheibriados the Contemplative
  6461 | D:8      | Noticed Prince Ribbit
  6479 | D:8      | Killed Prince Ribbit
  6480 | D:8      | Reached skill level 10 in Unarmed Combat
  6615 | D:8      | Noticed Maurice
  6638 | D:8      | Killed Maurice
  6639 | D:8      | Reached skill level 5 in Dodging
  6832 | D:8      | Found an opulent altar of Gozag.
  6996 | D:7      | Killed Joseph
  6997 | D:7      | Gained mutation: A meltable icy envelope protects you from
                  | harm. (AC +0) [demonic ancestry]
  6997 | D:7      | Reached XP level 10. HP: 45/69 MP: 7/10
  7341 | D:7      | Reached * piety under Cheibriados
  7582 | D:9      | Reached skill level 5 in Invocations
  7598 | D:9      | Reached ** piety under Cheibriados
  7608 | D:9      | Found a staircase to the Orcish Mines.
  7978 | D:9      | Reached skill level 1 in Summonings
  8005 | D:9      | Reached skill level 1 in Spellcasting
  8286 | D:9      | Learned a level 4 spell: Summon Ice Beast
  8759 | D:10     | Entered Level 10 of the Dungeon
  8786 | D:10     | Reached *** piety under Cheibriados
  8868 | D:10     | Noticed a two-headed ogre
  8886 | D:10     | Killed a two-headed ogre
  8887 | D:10     | Reached XP level 11. HP: 59/75 MP: 13/16
  9304 | D:10     | Found a hide-covered altar of Uskayaw.
  9304 | D:10     | Found a blossoming altar of Fedhas.
  9752 | D:11     | Reached skill level 5 in Summonings
  9962 | D:11     | Reached skill level 5 in Spellcasting
  9987 | D:11     | Noticed Psyche
  9998 | D:11     | Killed Psyche
 10270 | D:11     | Reached skill level 1 in Ice Magic
 10286 | D:11     | Paralysed by a hornet for 2 turns
 10299 | D:11     | Reached **** piety under Cheibriados
 10439 | D:11     | Found a staircase to the Lair.
 10463 | D:11     | Noticed a red ugly thing
 10505 | D:11     | Killed a red ugly thing
 10972 | Lair:1   | Entered Level 1 of the Lair of Beasts
 10972 | Lair:1   | Noticed Urug
 10982 | Lair:1   | Killed Urug
 11219 | Lair:1   | Noticed Erica
 11523 | Lair:1   | Reached XP level 12. HP: 79/81 MP: 17/22
 12164 | Lair:2   | Reached skill level 10 in Summonings
 12210 | Lair:2   | Reached ***** piety under Cheibriados
 12861 | Lair:3   | Found a staircase to the Snake Pit.
 12962 | Lair:3   | Reached skill level 10 in Invocations
 13057 | Lair:3   | Reached skill level 11 in Unarmed Combat
 13307 | Lair:3   | Found a staircase to the Shoals.
 13571 | Lair:3   | Reached skill level 12 in Unarmed Combat
 13731 | Lair:4   | Noticed a death yak
 13731 | Lair:4   | Noticed a death yak
 13739 | Lair:4   | Noticed a death yak
 13740 | Lair:4   | Noticed a death yak
 13809 | Lair:4   | Found a dark tunnel.
 13814 | Volcano  | Entered a volcano
 13834 | Volcano  | Noticed a two-headed ogre
 13841 | Volcano  | Killed a two-headed ogre
 13961 | Volcano  | Noticed a two-headed ogre
 13966 | Volcano  | Killed a two-headed ogre
 13967 | Volcano  | Reached XP level 13. HP: 49/86 MP: 11/23
 14458 | Lair:4   | Reached skill level 13 in Unarmed Combat
 14808 | Lair:4   | Reached ****** piety under Cheibriados
 16502 | Lair:5   | Entered Level 5 of the Lair of Beasts
 16922 | Lair:5   | Reached XP level 14. HP: 93/93 MP: 24/24
 17417 | Lair:5   | Found a runed translucent door.
 17418 | Lair:5   | Found a staircase to the Slime Pits.
 17418 | Lair:5   | Noticed an azure jelly
 18430 | D:12     | Noticed Josephine
 18921 | D:12     | Killed Josephine
 18986 | D:12     | Reached skill level 10 in Dodging
 19169 | D:12     | Reached skill level 5 in Fighting
 19200 | D:12     | Noticed a frost giant
 19200 | D:12     | Noticed a fire giant
 19333 | D:12     | Noticed Erolcha
 19339 | D:12     | Killed Erolcha
 19581 | D:13     | Found Cotothrid's Antique Armour Emporium.
 19750 | D:13     | Found a frozen archway.
 19801 | D:13     | Identified the +1 robe of Zusef {-Tele Drain Int+6 Dex+2}
 19805 | IceCv    | Entered an ice cave
 20189 | IceCv    | Found an ancient bone altar of Kikubaaqudgha.
 20748 | IceCv    | Identified the ring "Anteshrol" {rN+ Str+4 Dex+4}
 20845 | IceCv    | Gained mutation: You are mostly covered in razor-sharp
                  | scales. (AC +2, Slay +2) [demonic ancestry]
 20845 | IceCv    | Reached XP level 15. HP: 83/113 MP: 18/25
 21462 | D:13     | Found a gate to the Vaults.
 21667 | Abyss:2  | Cast into level 2 of the Abyss (a wizard)
 21741 | Abyss:2  | Reached skill level 1 in Stealth
 21790 | Abyss:2  | Gained mutation: You sometimes lose your temper in combat.
                  | [a neqoxec]
 21790 | Abyss:2  | Gained mutation: You are clumsy. (Dex -2) [a neqoxec]
 21894 | Abyss:2  | Noticed a tentacled starspawn
 21899 | Abyss:2  | Killed a tentacled starspawn
 22036 | Abyss:2  | Noticed a tentacled starspawn
 22062 | Abyss:2  | Killed a tentacled starspawn
 22063 | Abyss:2  | Reached skill level 5 in Stealth
 22072 | Abyss:2  | Found a corrupted altar of Lugonu.
 22130 | Abyss:2  | Found a corrupted altar of Lugonu.
 22169 | Abyss:2  | Noticed a tentacled starspawn
 22213 | Abyss:2  | Noticed a shadow dragon
 22251 | Abyss:3  | Noticed a bone dragon
 22320 | Abyss:3  | Noticed a revenant
 22329 | Abyss:3  | Noticed a tentacled monstrosity
 22339 | Abyss:3  | Killed a tentacled monstrosity
 22364 | Abyss:3  | Found a corrupted altar of Lugonu.
 22370 | D:14     | Escaped the Abyss
 22726 | D:9      | Lost mutation: You sometimes lose your temper in combat.
                  | [potion of mutation]
 22726 | D:9      | Lost mutation: You are clumsy. (Dex -2) [potion of
                  | mutation]
 22726 | D:9      | Gained mutation: Your mind is acute. (Int +4, Str/Dex -1)
                  | [potion of mutation]
 22726 | D:9      | Gained mutation: You have a pair of small antennae on your
                  | head. [potion of mutation]
 22818 | D:6      | Killed derval's ghost
 22834 | D:6      | Learned a level 5 spell: Summon Mana Viper
 22928 | Orc:1    | Entered Level 1 of the Orcish Mines
 23240 | Orc:1    | You fall into a shaft and drop 1 floor!
 23240 | Orc:2    | Entered Level 2 of the Orcish Mines
 23254 | Orc:2    | Reached skill level 1 in Hexes
 23527 | Orc:2    | Found Ponats's Armour Boutique.
 23778 | Orc:2    | Found a staircase to the Elven Halls.
 25110 | Orc:2    | Found Arghaa's Antique Weapon Shop.
 25113 | Orc:2    | Found Naitruic's Antique Armour Shop.
 25114 | Orc:2    | Found Futeucw's Antique Armour Shop.
 25115 | Orc:2    | Found Inymuhos's Jewellery Boutique.
 25121 | Orc:2    | Bought the ring "Ciacecin" {Wiz rPois rF+ Str+2} for 681
                  | gold pieces
 25627 | D:12     | Killed a frost giant
 25694 | D:12     | Identified the +0 ring mail of Summer {rElec rC+ Int+2}
 25820 | D:14     | Reached XP level 16. HP: 120/120 MP: 28/28
 25834 | D:14     | Reached skill level 10 in Armour
 26315 | D:14     | Found a blossoming altar of Fedhas.
 26407 | D:15     | Entered Level 15 of the Dungeon
 26425 | D:15     | Identified the +1 rapier "Qarinn" {drain, rF+}
 26504 | D:15     | Found a flickering gateway to a bazaar.
 26510 | Bazaar   | Entered a bazaar
 26517 | Bazaar   | Found Resosa's Antique Weapon Emporium.
 26528 | Bazaar   | Found Ifimpuk's Antique Weapon Shoppe.
 26544 | Bazaar   | Found Miafum's Antique Armour Emporium.
 26549 | Bazaar   | Bought a transparent chain mail for 199 gold pieces
 26549 | Bazaar   | Identified the +3 chain mail of the Imp {Will+ Regen+} (You
                  | bought it in a shop in a bazaar)
 26555 | Bazaar   | Found Xixunnau's Antique Armour Shoppe.
 26560 | Bazaar   | Bought a spiked cloak for 247 gold pieces
 26560 | Bazaar   | Identified the +0 cloak "Impi" {Slay+5} (You bought it in a
                  | shop in a bazaar)
 26560 | Bazaar   | Bought a glowing cloak for 195 gold pieces
 26600 | D:15     | Found a gate leading to a gauntlet.
 26612 | Gauntlet | Entered a Gauntlet
 26612 | Gauntlet | Found a transporter.
 26612 | Gauntlet | Found a runed translucent door.
 26623 | Gauntlet | Found a runed translucent door.
 26626 | Gauntlet | Found a transporter.
 26628 | Gauntlet | Found a transporter.
 26642 | Gauntlet | Found a transporter.
 26644 | Gauntlet | Found a transporter.
 26652 | Gauntlet | Found a runed translucent gate.
 26652 | Gauntlet | Found a runed translucent gate.
 26655 | Gauntlet | Found a runed translucent gate.
 26655 | Gauntlet | Found a transporter.
 26671 | Gauntlet | Found a transporter.
 26681 | Gauntlet | Found a transporter.
 26691 | Gauntlet | Found a transporter.
 26699 | Gauntlet | Found a transporter.
 26700 | Gauntlet | Found a transporter.
 26783 | Gauntlet | Found a transporter.
 26799 | Gauntlet | Identified the +0 pair of boots of Death's Door {Dex+2}
 26813 | Gauntlet | Found a runed translucent door.
 26826 | Gauntlet | Found a transporter.
 26877 | Gauntlet | Identified the ring "Suomat" {rF+ rC+ Will+ Str+3}
 26909 | Gauntlet | Identified the +3 flail of Patterns {distort, Drain rElec
                  | Will+ Stlth+}
 27181 | D:15     | Found a staircase to the Depths.
 27223 | D:15     | Noticed Jorgrun
 27232 | D:15     | Killed Jorgrun
 27591 | D:15     | Mangled by a hell knight

Illustrated notes

Levels and vault maps discovered:
D:1:      zaba_arrival_water, layout_loops_corners, serial_bayou,
          serial_bayou_pond_d, serial_bayou_shore_a, serial_bayou_pond_e,
          serial_bayou_shore_b
D:2:      layout_loops_cross, minmay_pentomino_x2
D:3:      layout_loops_corners, nemelex_dance_club_becter,
          kennysheep_generic_room_13
D:4:      layout_basic, led_xom_imps
D:5:      layout_loops_ring, mainiacjoe_overflow_concentric_impassable,
          minmay_strange_pillars, minmay_lizard_king
D:6:      nicolae_BIG_FREAKIN_CUBE, layout_loops_cross,
          ebering_ghost_rock_garden
D:7:      layout_basic, minmay_temple_entry_from_below_b, grunt_ministairs_14,
          uniq_joseph
D:8:      layout_rooms, lemuel_round_altar, uniq_maurice, uniq_gastronok,
          uniq_prince_ribbit1
D:9:      layout_gridville, zombieorc2_lemuel
D:10:     layout_basic, nicolae_overflow_two_pavilions
D:11:     layout_roguey, due_lair_maze_entry_diamond, uniq_psyche
D:12:     minmay_tile_spiral, layout_irregular_city, uniq_josephine,
          uniq_erolcha
D:13:     layout_big_octagon, ximxim_vaults_locker_room, serial_shops,
          nicolae_square_shop, portal_ice_cave_entry_animals_and_master
D:14:     layout_long_grid, fedhas_altar_4
D:15:     hangedman_depths_entry_try_elsewhere_first, layout_irregular_city,
          gauntlet_entry_generic, serial_glass, glass_columns_a,
          glass_columns_a, glass_columns_b, glass_columns_a, serial_shops,
          bzr_entry_safe, minmay_rotating_lava, uniq_jorgrun
Temple:   minmay_temple_bridge_d
Lair:1:   layout_roguey, uniq_erica, uniq_urug
Lair:2:   layout_loops_ring
Lair:3:   layout_chaotic_city, nicolae_shoals_entry_roost,
          minmay_snake_entry_guardpost_small, lemuel_fruit_tree
Lair:4:   kb_forest_paths, layout_layer_cave, nicolae_volcano_entry_s_turn,
          ldierk_geyser
Lair:5:   minmay_lair_end_enchanted_forest, layout_small_grid, slime_entry_2,
          grunt_megastairs_2
Orc:1:    layout_caves, basic_altar
Orc:2:    st_orc_pillars, layout_diamond_mine, serial_shops, shop

Skill      XL: |  1  2  3  4  5  6  7  8  9 10 11 12 13 14 15 16 |
---------------+-------------------------------------------------+-----
Axes           | 2 |  2.0
Unarmed Combat | 1 2 4 5 6 7 8 10 12 13 | 13.4
Fighting       | 3 9 |  9.5
Dodging        | 2 4 5 8 10 11 12 | 12.5
Armour         | 3 5 8 9 10 | 10.7
Invocations    | 6 10 | 10.7
Summonings     | 4 8 10 | 10.6
Spellcasting   | 3 7 8 |  8.3
Ice Magic      | 2 |  2.6
Stealth        | 5 |  5.2
Hexes          | 3 |  3.0
Evocations     | |  4.0

Action                     |  1- 3 |  4- 6 |  7- 9 | 10-12 | 13-15 | 16-18 || total
---------------------------+-------+-------+-------+-------+-------+-------++-------
  Melee: Hand axe          |   190 |       |       |       |       |       ||   190
         Mace              |     6 |    86 |       |       |       |       ||    92
         Punch             |     2 |     3 |    16 |    67 |   180 |    20 ||   288
         Unarmed           |       |    62 |   283 |   756 |  1559 |   169 ||  2829
  Throw: Dart              |       |       |     2 |       |     1 |     3 ||     6
   Cast: Summon Ice Beast  |       |       |       |    12 |     4 |     1 ||    17
 Invoke: Bend Time         |       |       |       |     3 |    12 |     2 ||    17
         Temporal Distorti |       |       |       |       |     4 |       ||     4
         Slouch            |       |       |       |       |     2 |       ||     2
  Evoke: Wand              |       |       |    11 |     8 |     9 |     1 ||    29
         Phial of floods   |       |       |       |       |     1 |       ||     1
    Use: Potion            |       |       |     1 |     1 |     4 |     1 ||     7
         Scroll            |       |       |       |    25 |     8 |     1 ||    34
   Stab: Distracted        |       |       |       |     4 |     5 |       ||     9
         Sleeping          |       |       |       |     1 |     6 |       ||     7
         Paralysed         |       |       |       |       |       |     2 ||     2
 Armour: Scale mail        |    54 |    12 |       |       |   378 |       ||   444
         Ring mail         |       |    30 |   121 |   221 |       |       ||   372
         Chain mail        |       |       |       |       |     5 |    61 ||    66
  Dodge: Dodged            |   113 |    91 |   199 |   601 |  1575 |   167 ||  2746
         Repelled          |       |       |       |       |     9 |     1 ||    10
  Block: Other             |       |       |     5 |   115 |   262 |    62 ||   444
         Reflection        |       |       |       |       |       |     4 ||     4

Table legend: (Time is in decaauts)
 A = Elapsed time spent in this place.
 B = Non-inter-level travel time spent in this place.
 C = Inter-level travel time spent in this place.
 D = Time resting spent in this place.
 E = Time spent auto-exploring this place.
 F = Levels seen in this place.
 G = Mean time per level.
                   A        B        C        D        E       F      G
               +--------+--------+--------+--------+--------+-----+--------+
         Total |  37706 |  35832 |   1874 |   4465 |  20430 |  29 | 1300.2 |
       Dungeon |  19294 |  18058 |   1236 |   1657 |  11504 |  15 | 1286.3 |
        Temple |    393 |    227 |    166 |      0 |    215 |   1 |  393.0 |
          Lair |  10435 |  10044 |    391 |   1318 |   6761 |   5 | 2087.0 |
  Orcish Mines |   3428 |   3348 |     80 |    644 |   1546 |   2 | 1714.0 |
         Abyss |   1207 |   1207 |      0 |     46 |      0 |   2 |  603.5 |
        Bazaar |    115 |    115 |      0 |      0 |      0 |   1 |  115.0 |
      Ice Cave |   1572 |   1572 |      0 |    615 |    225 |   1 | 1572.0 |
       Volcano |    717 |    717 |      0 |    184 |    174 |   1 |  717.0 |
      Gauntlet |    541 |    541 |      0 |      0 |      4 |   1 |  541.0 |
               +--------+--------+--------+--------+--------+-----+--------+

Top non-repeatable levels by time:
  Lair:4: 3586 daAuts
  Lair:5: 2758 daAuts
    D:12: 2583 daAuts
   Orc:2: 2514 daAuts
     D:9: 1851 daAuts
    D:11: 1749 daAuts
   IceCv: 1572 daAuts
  Lair:3: 1515 daAuts
    D:13: 1503 daAuts
    D:10: 1485 daAuts
    D:15: 1342 daAuts
  Lair:2: 1336 daAuts
  Lair:1: 1238 daAuts
     D:6: 1198 daAuts
    D:14: 1125 daAuts
